 Dungeon Crawl Stone Soup version 0.24.0-123-gd5b16e6ec5 (webtiles) character file.

Game seed: 17268594134675847280, levelgen mode: deterministic

275 Ununsept the Covered (level 6, 0/56 HPs)
             Began as a Minotaur Fighter on Feb 10, 2020.
             Slain by Menkaure (9 damage)
             ... on level 4 of the Dungeon.
             The game lasted 00:36:13 (2427 turns).

Ununsept the Covered (Minotaur Fighter)             Turns: 2427, Time: 00:36:14

Health: 0/56       AC: 13    Str: 22    XL:     6   Next: 3%
Magic:  14/14      EV:  4    Int:  5    God:
Gold:   153        SH:  0    Dex: 10    Spells: 5/5 levels left

rFire    x . .     SeeInvis .   L - -1 scimitar (curse)
rCold    + . .     Gourm    .   c - +0 shield
rNeg     . . .     Faith    .   p - +0 plate armour
rPois    .         Spirit   .   (helmet restricted)
rElec    .         Reflect  .   (no cloak)
rCorr    .         Harm     .   B - +0 pair of gloves
MR       .....                  (no boots)
Stlth    ..........             (no amulet)
HPRegen  0.18/turn              g - ring of ice
MPRegen  0.14/turn              J - ring of magical power

@: confused
A: retaliatory headbutt, horns 2
a: no special abilities


You were on level 4 of the Dungeon.
You were not hungry.

You visited 1 branch of the dungeon, and saw 4 of its levels.

You collected 153 gold pieces.

Inventory:

Hand Weapons
 a - a +0 long sword
 h - a +0 mace
 m - a +0 club
 u - a +0 hunting sling
 v - a +0 hunting sling
 y - a +0 hand axe
 A - a +0 flail
 C - a +0 spear
 G - a +0 hunting sling
 H - a +0 short sword
 I - a +0 war axe
 L - a cursed -1 scimitar (weapon)
Missiles
 r - 62 arrows
 x - 13 poisoned darts (quivered)
 E - 17 bolts
Armour
 b - a +0 scale mail
 c - a +0 shield (worn)
 i - a +0 ring mail
 j - a +0 scale mail
 n - a +0 robe
 p - a +0 plate armour (worn)
 s - a +0 leather armour
 B - a +0 pair of gloves (worn)
 M - a +0 pair of gloves
Jewellery
 g - a ring of ice (left hand)
 J - a ring of magical power (right hand)
Scrolls
 k - a scroll of enchant armour
 o - 2 scrolls of teleportation {unknown}
 w - a scroll of blinking {unknown}
 D - 3 scrolls of identify
Potions
 d - a potion of might
 e - a potion of magic
 l - 2 potions of brilliance {unknown}
 q - a potion of lignification {unknown}
 z - a potion of cancellation {unknown}
 K - a potion of agility {unknown}
 N - a potion of degeneration {unknown}
Comestibles
 f - 9 rations


   Skills:
 + Level 5.0 Fighting
 + Level 4.4 Long Blades
 + Level 5.1 Armour
 + Level 0.2 Dodging
 + Level 5.0 Shields


You had 5 spell levels left.
You didn't know any spells.
Your spell library was empty.

Dungeon Overview and Level Annotations

Branches:
Dungeon (4/15)
 Temple: D:4-7

Altars:
Dithmenos

Annotations:
D:4 Menkaure


Innate Abilities, Weirdness & Mutations

You reflexively headbutt those who attack you in melee.
You have a pair of horns on your head.


Message History

The orc is heavily wounded.
The orc hits you but does no damage.
Menkaure rustles, "It doesn't hurt if you pull your brain out of your nose yourself."
You block the orc's attack.
All of the chunks of flesh in your inventory have rotted away.
You slice the orc!!
You kill the orc!
Menkaure hits you!
* * * LOW HITPOINT WARNING * * *
You are confused.
You feel invigorated. Menkaure barely misses you.
You bump into the rock wall.
Menkaure hits you but does no damage.
You hit Menkaure but do no damage. Menkaure hits you but does no damage.
Menkaure calls on the powers of darkness!
The iguana convulses!
Your body is wracked with pain!
* * * LOW HITPOINT WARNING * * *
You bump into the rock wall.
Menkaure hits you!
* * * LOW HITPOINT WARNING * * *
You bump into the rock wall.
Menkaure hits you!
You die...

.......
#........#
.......#
#.....##..
.?.....# #.o####
. .......# #..#
.......# ##.#
....$..######.#
..............##
######.....##..#
#...@Ml.##.##..#
#.#####.##.#####
#.....#.##..
#..##.#.#####
#..#..#.#
#..##.#.#
#..##.#.#
#..##.#.#
#.......#


You could see Menkaure and an iguana.

Vanquished Creatures
  A scorpion (D:4)
  An orc priest (D:3)
  An orc wizard (D:4)
  A centaur skeleton (D:4)
  6 adders
  A shadow imp (D:3)
  2 worms (D:2)
  A dart slug (D:2)
  A leopard gecko (D:2)
  4 orcs
  A ball python (D:3)
  A giant cockroach (D:3)
  6 goblins
  6 hobgoblins
  10 jackals
  3 quokkas
  7 bats
  5 frilled lizards
  4 kobolds
  6 rats
68 creatures vanquished.

Notes
Turn   | Place    | Note
-------+----------+-------------------------------------------
     0 | D:1      | Ununsept the Minotaur Fighter began the quest for the Orb.
     0 | D:1      | Reached XP level 1. HP: 19/19 MP: 0/0
   588 | D:1      | Reached XP level 2. HP: 23/27 MP: 1/1
   800 | D:2      | Reached XP level 3. HP: 23/33 MP: 2/2
  1514 | D:3      | Reached XP level 4. HP: 33/41 MP: 3/3
  1884 | D:3      | Found a shadowy altar of Dithmenos.
  2119 | D:3      | Reached XP level 5. HP: 41/47 MP: 4/4
  2351 | D:4      | Reached skill level 5 in Fighting
  2351 | D:4      | Reached skill level 5 in Armour
  2351 | D:4      | Reached skill level 5 in Shields
  2388 | D:4      | Noticed Menkaure
  2419 | D:4      | Reached XP level 6. HP: 46/56 MP: 5/5
  2427 | D:4      | Slain by Menkaure

Levels and vault maps discovered:
D:1:      giann_forest_graveyard, layout_loops_ring, minmay_tetromino_i2
D:2:      layout_loops_ring, st_stairs_14
D:3:      layout_loops_cross, nicolae_dithmenos_shadow_blocks,
          kennysheep_small_spiral, hangedman_glass_teeth
D:4:      layout_basic, chequers_temple_overflow_statue_of_worship,
          serial_shops, shop, nicolae_shop_trees, nicolae_shop_waterfront,
          nicolae_shop_behind_doors, makhleb_blood_cavern_becter, uniq_menkaure

Skill      XL: |  1  2  3  4  5 |
---------------+----------------+-----
Armour         | 4 5 |  5.1
Fighting       | 4 5 |  5.0
Shields        | 4 5 |  5.0
Long Blades    | 3 4 |  4.4
Dodging        | |  0.2

Action                   |  1- 3 |  4- 6 || total
-------------------------+-------+-------++-------
Melee: Long sword        |   118 |    74 ||   192
       Headbutt          |    14 |    15 ||    29
       Scimitar          |       |    35 ||    35
  Use: Potion            |     2 |     2 ||     4
       Scroll            |     1 |     2 ||     3
  Eat: Chunk             |     1 |     1 ||     2
       Ration            |     1 |       ||     1
Armor: Plate armour      |    58 |    78 ||   136
Dodge: Dodged            |    16 |    15 ||    31
Block: Shield            |    57 |    47 ||   104
       Rpst.: Long sword |     5 |     3 ||     8
       Scimitar          |       |     1 ||     1
